 Dungeon Crawl Stone Soup version 0.30.1-11-g7821555f0a (webtiles) character file.

Game seed: 9363171734866609488

11444 lonewolfV2 the Fighter (level 12, 0/102 HPs)
             Began as a Formicid Fighter on Nov 17, 2023.
             Was a Believer of Qazlal.
             Slain by a thrashing horror (11 damage)
             ... on level 1 of the Abyss.
             The game lasted 00:16:23 (11595 turns).

lonewolfV2 the Fighter (Formicid Fighter)          Turns: 11595, Time: 00:16:24

Health: 0/102      AC: 17    Str: 25    XL:     12   Next: 7%
Magic:  9/12       EV:  7    Int:  7    God:    Qazlal [**....]
Gold:   604        SH: 10    Dex: 15    Spells: 11/11 levels left

rFire   . . .        d - +1 battleaxe (flame)
rCold   . . .        c - +0 buckler
rNeg    + . .        j - +0 plate armour
rPois   .            (helmet unavailable)
rElec   .            p - +2 cloak
rCorr   .            (no gloves)
SInv    +            (no boots)
Will    +....        s - amulet of the acrobat
Stlth   x              - ring of positive energy
HPRegen 0.37/turn    (no ring)
MPRegen 0.13/turn

%: acrobat
@: no status effects
A: permanent stasis, dig shafts and tunnels, antennae 3, four strong arms
a: Dig, Shaft Self, Renounce Religion, Upheaval


You were on level 1 of the Abyss.
You worshipped Qazlal.
Qazlal was pleased with you.
You visited 2 branches of the dungeon, and saw 11 of its levels.
You visited the Abyss 1 time.
You also visited: Bailey.

You collected 604 gold pieces.

Inventory:

Hand Weapons
 a - a +1 war axe
 d - a +1 battleaxe of flaming (weapon)
Armour
 c - a +0 buckler (worn)
 j - a +0 plate armour (worn)
 p - a +2 cloak (worn)
Jewellery
 s - an amulet of the acrobat (around neck)
 x - a ring of positive energy (left hand)
Wands
 v - a wand of light (6)
Scrolls
 q - 2 scrolls of fog
 u - a scroll of silence
 y - a scroll of fear
 z - a scroll of identify
 A - a scroll of enchant weapon
Potions
 b - 2 potions of cancellation {unknown}
 e - 4 potions of magic {unknown}
 f - 2 potions of flight {unknown}
 g - 7 potions of mutation
 k - 2 potions of lignification {unknown}
 l - 2 potions of haste {unknown}
 m - 2 potions of berserk rage {unknown}
 n - 2 potions of degeneration {unknown}
 r - 2 potions of brilliance
 t - 2 potions of invisibility {unknown}
 C - a potion of ambrosia {unknown}


   Skills:
 - Level 12.0 Fighting
 - Level 10.8 Axes
 + Level 9.0 Armour
 + Level 10.7 Shields


You had 11 spell levels left.
You didn't know any spells.
Your spell library contained the following spells:

 Spells                   Type           Power      Damage    Failure   Level
 Cigotuvi's Dreadful Rot  Necr/Pois/Air  0%         N/A       100%        2
 Scorch                   Fire           0%         2d5       100%        2
 Dispel Undead            Necr           0%         3d6       100%        4
 Flame Wave               Conj/Fire      0%         2d4       100%        4
 Death Channel            Necr           0%         N/A       100%        6
 Summon Cactus Giant      Summ           0%         N/A       100%        6
 Chain Lightning          Conj/Air       0%         N/A       100%        9
 Fire Storm               Conj/Fire      0%         5d1       100%        9
 Shatter                  Erth           0%         3d5*      100%        9


Dungeon Overview and Level Annotations

Branches:
Dungeon (10/15)            Temple (1/1) D:7            Lair (0/5) D:8
 Bailey (visited)
    Orc: D:9-12

Altars:
Ashenzari
Cheibriados
Elyvilon
Fedhas
Gozag
Hepliaklqana
Kikubaaqudgha
Makhleb
Nemelex Xobeh
Okawaru
Qazlal
Ru
Trog
Wu Jian
Yredelemnul
Zin
The Shining One

Shops:
D:7 *

Annotations:
D:10 Sonja


Innate Abilities, Weirdness & Mutations

You cannot be hasted, slowed, berserked, paralysed or teleported.
You can dig through walls and to a lower floor.
You have a pair of large antennae on your head. (SInv)
Your four strong arms can wield two-handed weapons with a shield.


Message History

The thrashing horror tramples you but does no damage.
Read: scroll of butterflies
Press: ? - help, Q - select action, (/) - cycle Dir - look around, f - activate Look: a thrashing horror (severely damaged, strong)
As you read the scroll of butterflies, it crumbles to dust.
You hear the flapping of tiny wings.
The thrashing horror is knocked back by the sudden gust.
You block the thrashing horror's attack.
The thrashing horror tramples you.
* * * LOW HITPOINT WARNING * * *
You hold your ground!
The thrashing horror tramples your butterfly!
Your butterfly holds its ground!
Your butterfly dies!
Your butterfly disappears in a burst of colours!
You hit the thrashing horror. You burn the thrashing horror.
The thrashing horror is severely damaged.
The thrashing horror tramples you.
* * * LOW HITPOINT WARNING * * *
You hold your ground!
The thrashing horror tramples you but does no damage.
The thrashing horror tramples your butterfly!
Your butterfly holds its ground!
Your butterfly dies!
Your butterfly disappears in a burst of colours!
The thrashing horror tramples you but does no damage.
The thrashing horror closely misses you.
You barely miss the thrashing horror.
The thrashing horror is severely damaged.
The thrashing horror closely misses you.
The thrashing horror tramples you but does no damage.
The thrashing horror completely misses your butterfly.
The thrashing horror tramples your butterfly.
Your butterfly holds its ground!
Your butterfly dies!
Your butterfly disappears in a burst of colours!
The thrashing horror tramples you.
* * * LOW HITPOINT WARNING * * *
You hold your ground!
The thrashing horror tramples you!
You die...

# #≈~ # #.. #
## ##.#~~#
... . .##.# §
##. .
#.#..##. ..
..
##...####~~##
.... .
###b.bb.
~~##. {
.##b#.###♣≈#


#bbX#b#b# ..#. # #@bbb.#~~# § #b.bbbb#bb#.~~# ##bbb#bb.b# #~~ #. ...#.##.#b##
##### ##.## #####.# # ##.. # . You could see a thrashing horror (strong, ally
target).

Vanquished Creatures
  2 vault guards (Bailey)
  3 two-headed ogres
  A manticore (D:7)
  A worldbinder (Abyss:1)
  Maurice (D:9)
  Psyche (D:8)
  A tormentor (Abyss:1)
  A freezing wraith (Abyss:1)
  A hornet (D:9)
  Prince Ribbit (Bailey)
  5 flying skulls (Abyss:1)
  2 shadows
  6 humans (Bailey)
  2 steam dragons (D:7)
  Menkaure (D:5)
  2 wargs (D:8)
  2 acid dragons
  Duvessa (D:5)
  An ice beast (D:5)
  2 water moccasins
  4 orc warriors
  A sky beast (D:7)
  2 centaurs
  A phantom (D:4)
  8 bullfrogs
  A gnoll sergeant (D:9)
  A scorpion (D:6)
  10 wights
  Dowan (D:5)
  6 electric eels (D:7)
  A howler monkey (D:10)
  A hound (D:5)
  An iron imp (D:5)
  A gnoll bouda (D:7)
  2 orc priests
  2 jellies
  4 sleepcaps
  6 iguanas
  6 orc wizards
  11 gnolls
  13 adders
  A shadow imp (D:7)
  A worm (D:3)
  3 dart slugs
  22 orcs
  2 endoplasms (D:3)
  9 giant cockroaches
  13 goblins
  7 hobgoblins
  4 jackals
  6 kobolds
  2 quokkas
  9 ball pythons
  4 bats
  3 frilled lizards
  5 rats
211 creatures vanquished.

Vanquished Creatures (others)
  A lurking horror (Abyss:1)
1 creature vanquished.

Grand Total: 212 creatures vanquished

Notes
Turn   | Place    | Note
-------+----------+-------------------------------------------
     0 | D:1      | lonewolfV2 the Formicid Fighter began the quest for the
                  | Orb.
     0 | D:1      | Reached XP level 1. HP: 18/18 MP: 1/1
   120 | D:1      | Reached XP level 2. HP: 23/24 MP: 2/2
   205 | D:1      | Found a faded altar of an unknown god.
   602 | D:2      | Reached XP level 3. HP: 26/30 MP: 3/3
   680 | D:2      | Reached skill level 4 in Fighting
   876 | D:2      | Reached XP level 4. HP: 37/37 MP: 4/4
  1495 | D:3      | Reached XP level 5. HP: 41/43 MP: 5/5
  1868 | D:3      | Reached skill level 5 in Fighting
  2410 | D:4      | Noticed a phantom
  2429 | D:4      | Killed a phantom
  2430 | D:4      | Reached XP level 6. HP: 24/51 MP: 6/6
  2600 | D:4      | Found a basalt altar of Yredelemnul.
  2600 | D:4      | Found a blossoming altar of Fedhas.
  3102 | D:5      | Entered Level 5 of the Dungeon
  3255 | D:5      | Noticed Duvessa
  3255 | D:5      | Noticed Dowan
  3267 | D:5      | Killed Duvessa
  3268 | D:5      | Reached skill level 6 in Fighting
  3268 | D:5      | Reached skill level 5 in Axes
  3268 | D:5      | Reached XP level 7. HP: 7/59 MP: 7/7
  3268 | D:5      | Killed Dowan
  3462 | D:5      | Found a snail-covered altar of Cheibriados.
  3852 | D:5      | Noticed Menkaure
  3855 | D:5      | Killed Menkaure
  3856 | D:5      | Reached skill level 7 in Fighting
  3856 | D:5      | Reached XP level 8. HP: 36/67 MP: 8/8
  4619 | D:5      | Identified a scroll of acquirement
  4619 | D:5      | Acquired a +0 battleaxe of flaming
  4817 | D:6      | Reached skill level 8 in Fighting
  6094 | D:7      | Reached XP level 9. HP: 38/75 MP: 9/9
  6327 | D:7      | Found a staircase to the Ecumenical Temple.
  6348 | Temple   | Entered the Ecumenical Temple
  6372 | Temple   | Became a worshipper of Qazlal Stormbringer
  6520 | D:7      | Reached skill level 9 in Fighting
  6607 | D:7      | Found Pyliejosuz's Assorted Antiques.
  6882 | D:7      | Noticed a manticore
  6895 | D:7      | Killed a manticore
  6896 | D:7      | Reached skill level 10 in Fighting
  8328 | D:8      | Reached XP level 10. HP: 22/86 MP: 10/10
  8341 | D:8      | Reached * piety under Qazlal
  8349 | D:8      | Reached skill level 11 in Fighting
  8527 | D:8      | Found a staircase to the Lair.
  8623 | D:8      | Noticed a two-headed ogre
  8633 | D:8      | Killed a two-headed ogre
  8634 | D:8      | Reached skill level 10 in Axes
  8783 | D:8      | Noticed Psyche
  8798 | D:8      | Killed Psyche
  9153 | D:8      | Noticed a two-headed ogre
  9163 | D:8      | Killed a two-headed ogre
  9164 | D:8      | Reached skill level 12 in Fighting
  9612 | D:9      | Found a sacrificial altar of Ru.
  9741 | D:9      | Noticed Maurice
  9760 | D:9      | Killed Maurice
  9761 | D:9      | Reached skill level 5 in Shields
  9808 | D:9      | Reached XP level 11. HP: 95/95 MP: 11/11
 10047 | D:9      | Reached skill level 5 in Armour
 10096 | D:9      | Found a flagged portal.
 10109 | Bailey   | Entered a bailey
 10229 | Bailey   | Noticed Prince Ribbit
 10237 | Bailey   | Noticed a vault guard
 10249 | Bailey   | Killed a vault guard
 10258 | Bailey   | Noticed a vault guard
 10261 | Bailey   | Killed Prince Ribbit
 10278 | Bailey   | Killed a vault guard
 10507 | Bailey   | Reached ** piety under Qazlal
 10943 | D:10     | Entered Level 10 of the Dungeon
 10974 | D:10     | Noticed a two-headed ogre
 10980 | D:10     | Killed a two-headed ogre
 11131 | D:10     | Found a broken altar of Ashenzari.
 11307 | D:10     | Noticed Sonja
 11319 | Abyss:1  | Cast into level 1 of the Abyss (Sonja)
 11390 | Abyss:1  | Found a corrupted altar of Lugonu.
 11464 | Abyss:1  | Reached skill level 10 in Shields
 11517 | Abyss:1  | Reached XP level 12. HP: 63/102 MP: 12/12
 11527 | Abyss:1  | Noticed a deep elf knight
 11553 | Abyss:1  | Noticed a thrashing horror
 11584 | Abyss:1  | HP: 5/102 [thrashing horror (10)]
 11595 | Abyss:1  | Slain by a thrashing horror

Illustrated notes

Levels and vault maps discovered:
D:1:      roderic_crossed_star, layout_rooms, nicolae_ecumenical_lake_church
D:2:      layout_basic, minmay_statues_item, chequers_serial_rivers_micro_b,
          st_stairs_14, minmay_misc_feat_four_crosses
D:3:      wad_crossroads, layout_basic, grunt_decor_one_mirror, minmay_cupped
D:4:      layout_basic, gammafunk_temple_overflow_wave
D:5:      layout_loops_ring, slow_altar_2, uniq_menkaure, uniq_duvessa
D:6:      layout_loops_corners, amethyst_killhole, dk_noncrumbling_3,
          minivault_11, eino_small_chamber_without_monster, minivault_5,
          serial_bayou_pond_a, grunt_ministairs_12
D:7:      cheibrodos_two_vegetables, layout_basic,
          minmay_temple_entry_metal_lava, serial_shops, shop, st_stairs_14
D:8:      layout_loops_corners, erik_lair_orcish_takeover, supply_closet_lemuel,
          hex_tiny, uniq_psyche
D:9:      layout_rooms, mainiacjoe_overflow_small_starburst,
          serial_co_window_serial, co_window_corner_a,
          co_window_of_opportunity_a, co_window_paths_b, co_window_paths_a,
          co_window_paths_b, co_window_corner_cb, co_window_broadway_c,
          co_window_corner_b, glass_columns_c, glass_columns_a, glass_columns_a,
          enter_bailey_2, uniq_maurice
D:10:     layout_rooms, led_sif_book, evilmike_ruin_ashenzari,
          mainiacjoe_overflow_catch_the_wave, david_orc_4, uniq_sonja,
          uniq_lodul
Temple:   nicolae_temple_ecumenical_triangle
Abyss:1:  base: D:3, evilmike_abyss_exit_16, hangedman_cross_veins

Skill      XL: |  1  2  3  4  5  6  7  8  9 10 11 12 |
---------------+-------------------------------------+-----
Fighting       | 4 5 6 7 8 10 12 | 12.0
Axes           | 3 4 5 6 7 9 10 | 10.8
Armour         | 4 8 9 |  9.0
Shields        | 5 10 | 10.7

Action                     |  1- 3 |  4- 6 |  7- 9 | 10-12 || total
---------------------------+-------+-------+-------+-------++-------
  Melee: War axe           |    82 |   144 |    60 |       ||   286
         Battleaxe         |       |       |    88 |   227 ||   315
 Invoke: Upheaval          |       |       |       |     1 ||     1
  Evoke: Wand              |       |     2 |    11 |     6 ||    19
    Use: Scroll            |     2 |     4 |     7 |     5 ||    18
         Potion            |       |     1 |       |    18 ||    19
 Armour: Scale mail        |    32 |       |       |       ||    32
         Plate armour      |     8 |   116 |    86 |   118 ||   328
  Dodge: Dodged            |    48 |    46 |    62 |   124 ||   280
  Block: Buckler           |    36 |    40 |    42 |   131 ||   249
